 Dungeon Crawl Stone Soup version 0.27-a0-78-g75406f0b48 (webtiles) character file.

Game seed: 7463886566897607966

1644 Essalna the Geomancer (level 8, -7/42 HPs)
             Began as a Gargoyle Earth Elementalist on Jan 14, 2021.
             Mangled by an ogre
             ... wielding a +0 giant club
              (23 damage)
             ... on level 6 of the Dungeon.
             The game lasted 00:13:55 (7258 turns).

Essalna the Geomancer (Gargoyle Earth Elementalist) Turns: 7258, Time: 00:13:55

Health: -7/42      AC:  9    Str: 12    XL:     8   Next: 99%
Magic:  6/17       EV: 16    Int: 18    God:
Gold:   287        SH:  0    Dex: 10    Spells: 15/19 levels left

rFire    . . .     SeeInvis +   j - +0 dagger (holy)
rCold    . . .     Faith    .   (no shield)
rNeg     + . .     Spirit   .   c - +0 robe
rPois    ∞         Reflect  .   (no helmet)
rElec    +         Harm     .   e - +1 cloak
rCorr    .         Rampage  .   (no gloves)
Will     .....                  (no boots)
Stlth    ++........             z - amulet of the acrobat
HPRegen  0.14/turn              v - +4 ring of evasion
MPRegen  0.15/turn              x - ring of see invisible

@: no status effects
A: negative energy resistance 1, electricity resistance, unbreathing,
petrification resistance, miasma immunity, AC +5
a: no special abilities


You were on level 6 of the Dungeon.
You visited 1 branch of the dungeon, and saw 6 of its levels.

You collected 287 gold pieces.

Inventory:

Hand Weapons
 d - a +0 short sword
 j - a +0 dagger of holy wrath (weapon)
Missiles
 b - 116 stones
 i - 2 javelins
Armour
 c - a +0 robe (worn)
 e - a +1 cloak (worn)
Jewellery
 v - a +4 ring of evasion (left hand)
 x - a ring of see invisible (right hand)
 z - an amulet of the acrobat (around neck)
Wands
 A - a wand of iceblast (13)
Scrolls
 a - 5 scrolls of remove curse
 f - 9 scrolls of identify {unknown}
 g - 2 scrolls of fear {unknown}
 h - 2 scrolls of magic mapping {unknown}
 p - a scroll of enchant weapon {unknown}
 r - 2 scrolls of enchant armour {unknown}
 t - a scroll of fog {unknown}
 u - 2 scrolls of teleportation {unknown}
 y - 2 scrolls of immolation {unknown}
 B - a scroll of amnesia {unknown}
Potions
 k - a potion of lignification {unknown}
 l - a potion of degeneration {unknown}
 m - 3 potions of curing {unknown}
 n - 2 potions of heal wounds {unknown}
 o - 3 potions of brilliance {unknown}
 q - 2 potions of ambrosia {unknown}
 s - a potion of invisibility {unknown}
 w - 2 potions of cancellation {unknown}


   Skills:
 + Level 0.6 Fighting
 + Level 0.6 Armour
 + Level 1.7 Dodging
 - Level 2.1 Stealth
 + Level 6.1 Spellcasting
 - Level 5.1 Transmutations
 + Level 8.4 Earth Magic


You had 15 spell levels left.
You knew the following spells:

 Your Spells              Type           Power        Failure   Level
a - Sandblast             Erth           70%          1%          1
b - Stone Arrow           Conj/Erth      40%          6%          3

Your spell library contained the following spells:

 Spells                   Type           Power        Failure   Level
 Passwall                 Tmut/Erth      24%          1%          2
 Petrify                  Tmut/Erth      29%          8%          4
 Lee's Rapid Deconstruct  Erth           17%          11%         5


Dungeon Overview and Level Annotations

Branches:
Dungeon (6/15)
 Temple: D:4-7

Altars:
Makhleb
Nemelex Xobeh
Qazlal
Trog
Wu Jian
Xom


Innate Abilities, Weirdness & Mutations

You are resistant to torment.
Your stone body is resilient. (AC +5)
You are immune to poison.
You resist negative energy. (rN+)
You are resistant to electric shocks. (rElec)
You can survive without breathing.
You are immune to petrification.
You are immune to miasma.


Message History

The puff of frost misses you.
You hit the white imp.
The white imp convulses.
The white imp is almost dead.
The white imp summons a swarm of flies.
The white imp closely misses you.
Aiming: Stone Arrow (dangerous; 6% risk of failure)
Press: ? - help, Q - select action, (/) - cycle Shift-Dir - straight line, f/p - white imp
Aim: a white imp (almost dead, 29% to evade)
The stone arrow hits the ogre!
The ogre is moderately wounded.
The ogre hits you with a +0 giant club!!
Ouch! That really hurt!
Aiming: Stone Arrow (dangerous; 6% risk of failure)
Press: ? - help, Q - select action, (/) - cycle Shift-Dir - straight line, f/p - white imp
Aim: a white imp (almost dead, 29% to evade)
The stone arrow hits the ogre!
The ogre is severely wounded.
The ogre hits you with a +0 giant club!!
Ouch! That really hurt!
You die...

##.#.. #..#.. ...
#.##.# #.# #.##.#
#># #.##.###.## #
#.##.##...#####.#
#.#..##.#........
#....##...#......
#.....#.@O5.....≈≈≈≈
#####...####...####≈
##.## ..##.# #.#
#.≈≈ .. #.# ..≈≈#
... #.. ..≈≈≈# #.
### #.≈≈≈≈ #.≈≈≈≈


You could see an ogre and a white imp.

Vanquished Creatures
  Grinder (D:4)
  Sigmund (D:5)
  A black bear (D:6)
  A necrophage (D:6)
  A sky beast (D:6)
  A phantom (D:5)
  2 bullfrogs (D:6)
  2 scorpions
  A bullfrog zombie (D:5)
  3 bullfrog skeletons
  2 orc priests (D:6)
  An iguana (D:4)
  3 orc wizards
  4 worker ants
  A worker ant zombie (D:5)
  12 adders
  3 gnolls (D:5)
  2 shadow imps
  2 adder skeletons
  4 worms
  4 dart slugs
  4 leopard geckos
  35 orcs
  6 giant cockroaches
  4 goblins
  3 hobgoblins
  16 jackals
  9 kobolds
  2 quokkas
  A ball python (D:2)
  9 bats
  8 frilled lizards
  A leopard gecko skeleton (D:4)
  A quokka skeleton (D:4)
  6 rats
157 creatures vanquished.

Notes
Turn   | Place    | Note
-------+----------+-------------------------------------------
     0 | D:1      | Essalna the Gargoyle Earth Elementalist began the quest for
                  | the Orb.
     0 | D:1      | Reached XP level 1. HP: 10/10 MP: 3/3
   212 | D:1      | Reached skill level 1 in Transmutations
   242 | D:1      | You fall into a shaft and drop 1 floor!
   245 | D:2      | Reached skill level 4 in Earth Magic
   245 | D:2      | Reached XP level 2. HP: 15/15 MP: 5/5
   247 | D:2      | Reached XP level 3. HP: 18/19 MP: 4/6
   758 | D:1      | Reached XP level 4. HP: 23/24 MP: 8/8
  1448 | D:2      | Found a sparkling altar of Nemelex Xobeh.
  1711 | D:2      | Learned a level 3 spell: Stone Arrow
  2219 | D:3      | Reached XP level 5. HP: 17/28 MP: 5/9
  2527 | D:3      | Reached skill level 5 in Earth Magic
  3427 | D:4      | Reached XP level 6. HP: 26/32 MP: 11/11
  4306 | D:4      | Reached skill level 6 in Earth Magic
  4307 | D:4      | Reached XP level 7. HP: 36/36 MP: 7/13
  4483 | D:4      | Found an ornate altar of the Wu Jian Council.
  4512 | D:4      | Noticed Grinder
  4521 | D:4      | Killed Grinder
  4799 | D:5      | Entered Level 5 of the Dungeon
  4804 | D:5      | Found a shimmering altar of Xom.
  4874 | D:5      | Noticed Sigmund
  4898 | D:5      | Killed Sigmund
  4899 | D:5      | Reached skill level 7 in Earth Magic
  4901 | D:5      | Reached skill level 5 in Spellcasting
  4901 | D:5      | Reached XP level 8. HP: 20/41 MP: 8/15
  6160 | D:5      | Found a burning altar of Makhleb.
  6753 | D:6      | Found a bloodstained altar of Trog.
  6809 | D:6      | Reached skill level 8 in Earth Magic
  7023 | D:6      | Reached skill level 5 in Transmutations
  7091 | D:6      | Found a stormy altar of Qazlal.
  7258 | D:6      | Mangled by an ogre

Illustrated notes

Levels and vault maps discovered:
D:1:      lightli_arrival_noodles, layout_basic, serial_rivers,
          chequers_serial_rivers_room_b, chequers_serial_rivers_marsh,
          chequers_serial_rivers_small_3, chequers_serial_rivers_micro_b,
          chequers_serial_rivers_small_a, chequers_serial_rivers_micro_b
D:2:      layout_basic, nemelex_xobeh_ov_fountains_minmay, minmay_hexomino_u4
D:3:      layout_basic
D:4:      layout_basic, nicolae_overflow_hidden_temple,
          minmay_tree_intersection, uniq_grinder
D:5:      layout_loops_ring, xom_teletrap_fun, lightli_temple_of_fire,
          uniq_sigmund
D:6:      layout_loops_ring, overflow_temple_1_default,
          minmay_temple_entry_proselytizer, grunt_decor_junction,
          minmay_crystal_room, nicolae_qazlal_general_emergency

Skill      XL: |  1  2  3  4  5  6  7  8 |
---------------+-------------------------+-----
Transmutations | 1 2 3 4 5 |  5.1
Earth Magic    | 4 5 6 7 8 |  8.4
Spellcasting   | 3 4 5 6 |  6.1
Fighting       | |  0.6
Armour         | |  0.6
Dodging        | |  1.7
Stealth        | |  2.1

Action                   |  1- 3 |  4- 6 |  7- 9 || total
-------------------------+-------+-------+-------++-------
Melee: Unarmed           |    63 |       |       ||    63
       Short sword       |    26 |    14 |       ||    40
       Dagger            |       |   365 |   328 ||   693
Throw: Javelin           |    14 |     5 |       ||    19
       Stone             |     7 |     2 |       ||     9
 Cast: Sandblast         |    16 |    58 |    16 ||    90
       Stone Arrow       |       |       |    45 ||    45
  Use: Scroll            |       |       |     1 ||     1
 Stab: Sleeping          |       |     2 |     1 ||     3
Armor: Robe              |    56 |   163 |    61 ||   280
Dodge: Dodged            |   106 |   269 |   248 ||   623

Table legend: (Time is in decaauts)
 A = Elapsed time spent in this place.
 B = Non-inter-level travel time spent in this place.
 C = Inter-level travel time spent in this place.
 D = Time resting spent in this place.
 E = Time spent auto-exploring this place.
 F = Levels seen in this place.
 G = Mean time per level.
                   A        B        C        D        E       F      G
               +--------+--------+--------+--------+--------+-----+--------+
         Total |   7285 |   7166 |    119 |    124 |   5513 |   6 | 1214.2 |
       Dungeon |   7285 |   7166 |    119 |    124 |   5513 |   6 | 1214.2 |
               +--------+--------+--------+--------+--------+-----+--------+

Top non-repeatable levels by time:
     D:5: 1706 daAuts
     D:4: 1424 daAuts
     D:3: 1409 daAuts
     D:1: 1068 daAuts
     D:2: 940 daAuts
     D:6: 736 daAuts
